AoeStats
← PZ|MBalu

Black Forest

510183342Analyzed
4v4 RM · 4d ago on Sep 29, 2026· 42m 50s· 8 players
Game mode
Random Map
Map size
Large (8 player)
Population
200
Speed
Normal
Resources
Standard
Victory
Conquest
Starting age
Dark Age
Ending age
Imperial Age
RankedLock teamsTeams togetherTeam positionsShared explorationLock speedFull tech treeHidden civsTurbo modeCheats
Victory
Defeat
🇭🇺 Goths · Hungary
1249
+12
🇭🇺 Britons · Hungary
1216
+13
🇨🇳 Khmer · China
1185
+14
🇭🇺 Danes · Hungary
1165
+15
🇯🇴 Khmer · Jordan
1176
-15
🇨🇱 Italians · Chile
1151
-14
🇨🇴 Goths · Colombia
1142
-13
🇦🇷 Dravidians · Argentina
1111
-12
Huntarof
0:56 Loom
10:03 Feudal Age
16:10 Castle Age
22:31 Horse Collar
22:39 Double-Bit Axe
24:21 Town Watch
25:29 Wheelbarrow
30:37 Imperial Age
28:03 Fletching
28:13 Gold Mining
28:39 Heavy Plow
28:51 Bodkin Arrow
29:26 Padded Archer Armor
30:23 Ballistics
30:27 Leather Archer Armor
32:28 Chemistry
32:08 Bracer
32:08 Stone Mining
33:36 Ring Archer Armor
34:08 Masonry
34:20 Fervor
36:03 Thumb Ring
36:24 Treadmill Crane
37:15 Murder Holes
37:51 Architecture
Sir_FatLion
1:33 Loom
14:33 Feudal Age
18:58 Castle Age
17:06 Double-Bit Axe
17:40 Horse Collar
26:08 Bow Saw
28:54 Gold Mining
29:02 Stone Mining
31:08 Wheelbarrow
34:16 Imperial Age
33:36 Scale Barding Armor
33:42 Forging
34:32 Hand Cart
34:54 Chain Barding Armor
34:21 Elite Battle Elephant
35:31 Conscription
35:56 Iron Casting
35:46 Heavy Plow
36:24 Bloodlines
36:15 Husbandry
36:42 Tusk Swords
37:29 Plate Barding Armor
37:21 Light Cavalry
38:21 Hussar
KokeEcheverri
1:09 Loom
12:12 Feudal Age
13:01 Double-Bit Axe
13:15 Horse Collar
14:08 Gold Mining
14:09 Stone Mining
19:21 Castle Age
18:16 Forging
18:07 Scale Mail Armor
22:36 Wheelbarrow
22:25 Bow Saw
24:20 Caravan
24:46 Heavy Plow
28:30 Squires
29:22 Chain Mail Armor
29:43 Iron Casting
33:11 Imperial Age
31:20 Pikeman
32:05 Anarchy
34:53 Blast Furnace
33:57 Perfusion
33:59 Halberdier
34:28 Man-at-Arms
35:01 Long Swordsman
35:35 Two-Handed Swordsman
36:40 Champion
阿根廷彭于晏
0:41 Loom
13:26 Feudal Age
17:44 Castle Age
16:03 Double-Bit Axe
21:52 Horse Collar
24:00 Wheelbarrow
30:51 Imperial Age
28:13 Fletching
28:28 Heavy Plow
29:20 Ballistics
29:11 Fortified Wall
32:52 Chemistry
31:48 Bodkin Arrow
33:51 Elite Elephant Archer
34:38 Gold Mining
36:27 Conscription
36:21 Bracer
37:40 Padded Archer Armor
37:59 Medical Corps
38:00 Stone Mining
38:26 Hand Cart
38:55 Onager
40:02 Bow Saw
42:15 Leather Archer Armor
PZ|MBalu
1:08 Loom
13:05 Feudal Age
17:19 Castle Age
15:21 Double-Bit Axe
15:54 Horse Collar
19:16 Bow Saw
24:12 Wheelbarrow
26:49 Sanctity
26:48 Gold Mining
30:30 Imperial Age
29:18 Gold Shaft Mining
29:27 Hand Cart
30:41 Onager
31:59 Northmen's Fury
32:56 Siege Onager
34:45 Chemistry
38:22 Siege Engineers
40:24 Elite Varangian Guard
PZ|ReDw1nG
4:35 Loom
12:36 Feudal Age
16:13 Castle Age
14:12 Double-Bit Axe
15:05 Horse Collar
17:35 Bow Saw
18:24 Heavy Plow
19:35 Wheelbarrow
21:35 Hand Cart
29:21 Imperial Age
27:14 Forging
27:12 Gold Mining
28:37 Scale Mail Armor
29:13 Iron Casting
29:39 Anarchy
29:58 Chain Mail Armor
30:43 Crop Rotation
29:51 Elite Huskarl
31:35 Blast Furnace
31:37 Conscription
31:54 Perfusion
32:09 Squires
PZ|SlothKing
0:27 Loom
14:00 Feudal Age
18:30 Castle Age
17:13 Double-Bit Axe
18:33 Horse Collar
25:18 Town Watch
28:24 Wheelbarrow
32:37 Imperial Age
30:40 Gold Mining
31:19 Bow Saw
31:38 Fletching
31:48 Padded Archer Armor
31:31 Pikeman
32:41 Heavy Plow
33:54 Siege Engineers
36:13 Conscription
36:23 Yeomen
37:16 Bodkin Arrow
37:36 Leather Archer Armor
38:15 Warwolf
39:08 Halberdier
39:59 Gambesons
40:14 Squires
40:00 Arson
41:10 Bracer
41:40 Ring Archer Armor
41:11 Scale Mail Armor
42:41 Elite Longbowman
尹佳蓝可爱捏
1:39 Loom
13:51 Feudal Age
15:36 Fishing Lines
16:16 Double-Bit Axe
16:34 Town Watch
20:52 Castle Age
20:46 Horse Collar
21:25 Gillnets
25:08 Bow Saw
25:01 Heavy Plow
25:27 Fletching
27:22 Scale Barding Armor
28:03 Wheelbarrow
28:23 Husbandry
28:35 Bloodlines
29:02 Gold Mining
29:03 Stone Mining
32:34 Imperial Age
30:25 Forging
30:14 Bodkin Arrow
31:10 Chain Barding Armor
32:33 Gold Shaft Mining
33:06 Iron Casting
33:54 Conscription
33:23 Elite Ballista Elephant
34:53 Tusk Swords
34:55 Double Crossbow
36:12 Plate Barding Armor
36:38 Blast Furnace
36:14 Elite Battle Elephant
37:46 Ballistics
42:14 Cavalier
Connection lost

Rejoining the realm…

Still unreachable

The connection could not be restored.

Session expired

The server has moved on; the page needs a fresh start.